 Dungeon Crawl Stone Soup version 0.21.1-1-g345015fe64 (webtiles) character file.

210 Jyngge the Skirmisher (level 5, -1/48 HPs)
             Began as a Minotaur Fighter on June 23, 2018.
             Slain by a slave (4 damage)
             ... led by Pikel
             ... on level 3 of the Dungeon.
             The game lasted 00:10:19 (2733 turns).

Jyngge the Skirmisher (Minotaur Fighter)            Turns: 2733, Time: 00:10:20

Health: -1/48      AC:  7    Str: 22    XL:     5   Next: 57%
Magic:  4/4        EV:  8    Int:  5    God:
Gold:   98         SH:  9    Dex:  9    Spells: 4/4 levels left

rFire    . . .     SeeInvis .   a - +0 war axe
rCold    . . .     Gourm    +   c - +0 shield
rNeg     . . .     Faith    .   b - +0 scale mail
rPois    .         Spirit   .   (helmet restricted)
rElec    .         Reflect  .   (no cloak)
rCorr    .         Harm     .   (no gloves)
MR       .....                  (no boots)
Stlth    ..........             l - amulet of the gourmand
HPRegen  0.16/turn              (no ring)
MPRegen  0.09/turn              (no ring)

@: lethally poisoned (-1 -> -7)
A: retaliatory headbutt, horns 2
a: no special abilities


You were on level 3 of the Dungeon.
You were full.

You visited 1 branch of the dungeon, and saw 4 of its levels.

You collected 98 gold pieces.

Inventory:

Hand Weapons
 a - a +0 war axe (weapon)
 g - a +3 whip
 h - a +4 whip
Armour
 b - a +0 scale mail (worn)
 c - a +0 shield (worn)
 i - a +0 pair of gloves
Jewellery
 k - a +3 ring of strength {unknown}
 l - an amulet of the gourmand (around neck)
 r - an uncursed amulet of regeneration {unknown}
Wands
 q - a wand of iceblast (4)
Scrolls
 e - 3 scrolls of identify
 j - a scroll of magic mapping {unknown}
 m - 2 scrolls of fog {unknown}
 n - 4 scrolls of enchant weapon {unknown}
Potions
 d - 2 potions of might
 o - a potion of degeneration {unknown}
Books
 p - a book of Necromancy

   Spells                             Type                      Level
   a - Pain                           Necromancy                   1
   b - Animate Skeleton               Necromancy                   1
   c - Vampiric Draining              Necromancy                   3
   d - Regeneration                   Charms/Necromancy            3
   e - Animate Dead                   Necromancy                   4
   f - Borgnjor's Vile Clutch         Necromancy/Earth             5
Comestibles
 f - 7 rations


   Skills:
 + Level 5.0 Fighting
 + Level 4.2 Axes
 + Level 4.5 Armour
 - Level 0.8 Dodging
 + Level 4.8 Shields


You had 4 spell levels left.
You didn't know any spells.

Dungeon Overview and Level Annotations

Branches:
Dungeon (4/15)
 Temple: D:4-7

Altars:
Nemelex Xobeh
Okawaru

Annotations:
D:3 Pikel
D:4 Tegun's ghost, amateur DsFi


Innate Abilities, Weirdness & Mutations

You reflexively headbutt those who attack you in melee.
You have a pair of horns on your head.


Message History

The worker ant is severely wounded.
You closely miss the slave.
Your shield prevents you from hitting the slave.
You barely miss the slave. You hit Pikel but do no damage.
* * * LOW HITPOINT WARNING * * *
You feel sick. The worker ant bites you.
* * * LOW HITPOINT WARNING * * *
You block Pikel's attack. The slave barely misses you. You furiously retaliate!
You headbutt the slave, but do no damage.
The slave hits you but does no damage. You block the slave's attack.
You block the worker ant's attack.
You closely miss the worker ant.
You kill the worker ant!
You closely miss the slave. x3; You closely miss Pikel.
* * * LOW HITPOINT WARNING * * *
You feel sick. Pikel waves his whip at you. Pikel barely misses you.
You block the slave's attack. The slave closely misses you. The slave hits you.
You die...

### ##### #.# #...# #####
######## #p###...# #....
#......# ####p@K...##
#.... ###....<.#
#...p)###.# #....
.........# #.##..#...#
#....
.##......###.##.##.#.#
#....
.#######.....##..#...#
#.... .# #......#..#...#
#.... .#
#....#.#..#...########....
##
#....#)#..#....#..[.......
#
#....#.#....#⌠.⌠)......###


You could see Pikel and 3 slaves.

Vanquished Creatures
  An orc priest (D:3)
  2 worker ants (D:3)
  2 adders
  A gnoll (D:1)
  5 worms
  A dart slug (D:2)
  4 leopard geckos (D:1)
  10 orcs (D:3)
  3 giant cockroaches
  6 goblins
  7 hobgoblins
  4 jackals (D:3)
  2 quokkas
  9 bats
  6 frilled lizards
  9 kobolds
  6 rats
78 creatures vanquished.

Notes
Turn   | Place    | Note
-------+----------+-------------------------------------------
     0 | D:1      | Jyngge the Minotaur Fighter began the quest for the Orb.
     0 | D:1      | Reached XP level 1. HP: 19/19 MP: 0/0
   209 | D:1      | Reached XP level 2. HP: 27/27 MP: 1/1
   381 | D:1      | Reached skill level 4 in Fighting
   385 | D:1      | Reached XP level 3. HP: 25/34 MP: 2/2
  1412 | D:2      | Reached XP level 4. HP: 36/41 MP: 3/3
  1628 | D:3      | Found an iron altar of Okawaru.
  1839 | D:3      | Found a sparkling altar of Nemelex Xobeh.
  1870 | D:3      | Found a faded altar of an unknown god.
  2074 | D:3      | Reached XP level 5. HP: 47/47 MP: 4/4
  2513 | D:3      | Reached skill level 5 in Fighting
  2722 | D:4      | Noticed Pikel
  2722 | D:4      | Noticed a slave
  2722 | D:4      | Noticed a slave
  2722 | D:4      | Noticed a slave
  2722 | D:4      | Noticed a slave
  2722 | D:4      | Noticed Tegun's ghost (amateur DsFi)
  2733 | D:3      | Slain by a slave

Skill      XL: |  1  2  3  4  5 |
---------------+----------------+-----
Fighting       | 4 5 |  5.0
Shields        | 4 |  4.8
Armour         | 4 |  4.5
Axes           | 3 4 |  4.2
Dodging        | |  0.8

Action                   |  1- 3 |  4- 6 || total
-------------------------+-------+-------++-------
Melee: War axe           |    76 |    89 ||   165
       Headbutt          |    14 |    10 ||    24
  Use: Scroll            |       |     1 ||     1
  Eat: Chunk             |     2 |    13 ||    15
Armor: Scale mail        |    21 |    43 ||    64
Dodge: Dodged            |    18 |    41 ||    59
Block: Shield            |    37 |    54 ||    91
